Checkers vs Wolfpack
(R1)
Created - November 11, 2024 at 19:32
Goals
|
| Checkers |
1 |
1 |
1 |
0 |
3 |
| Wolfpack |
2 |
1 |
0 |
1 |
4 |
|
Shots
|
| Checkers |
8 |
4 |
6 |
0 |
18 |
| Wolfpack |
14 |
9 |
3 |
1 |
27 |
|
1st period
1. Checkers , Matt Puempel 3 (Kirill Marchenko 1) at 2:15
2. Wolfpack , Alex Barre-Boulet 5 (Owen Tippet 6) at 3:34
3. Wolfpack , Yegor Korshkov 3 (Linus Sandin 2, Jake Marchment 1) at 17:55
Penalties :
Viktor Baldayev (Cha) for Roughing (Minor) at 8:48
2nd period
4. Checkers , Dylan Gambrell 2 (Andrei Svechnikov 7) at 8:01
5. Wolfpack , Owen Tippet 3 (Alexander Barabanov 5) at 14:26
Penalties :
Ryan Culkin (Har) for Slashing (Minor) at 0:35, Owen Tippet (Har) for Hooking (Minor) at 4:29, Dryden Hunt (Har) for Cross-checking (Minor) at 10:17, Patrick Brown (Cha) for Slashing (Minor) at 16:24
3rd period
6. Checkers , Matt Puempel 4 (Michael Anderson 4) at 18:31
Penalties :
Patrick Brown (Cha) for Tripping (Minor) at 1:22, Viktor Baldayev (Cha) for High sticking (Minor) at 7:44, John Draeger (Cha) for Cross-checking (Minor) at 8:12, Alex Barre-Boulet (Har) for High sticking (Minor) at 9:09, Dylan Gambrell (Cha) for Tripping (Minor) at 14:05
Overtime #1
7. Wolfpack , Alex Barre-Boulet 6 (Alexander Barabanov 6, Colton White 2) at 1:01
Penalties :
No Penalty
Goalie Stats
Ivan Prosvetov (Cha), 23 saves from 27 shots - (0.852), OTL, 1-1-1, 61:01 minutes
Charlie Lindgren (Har), 15 saves from 18 shots - (0.833), W, 3-3-0, 61:01 minutes
Players Stats for Checkers
Player Name G A P +/- PIM S H SB GA TA FO MP PP MP PK MP
------------------------------------------------------------------------------------
Andrei Svechnikov 0 1 1 1 0 2 4 1 0 0 1/1 18:33 3:28 0:12
Austin Poganski 0 0 0 -3 0 2 1 0 0 0 0/1 13:50 0:07 1:18
Dylan Gambrell 1 0 1 1 2 3 0 1 0 0 12/25 20:47 3:28 2:27
Grigori Denisenko 0 0 0 -4 0 2 1 0 0 1 0/0 16:47 3:09 0:00
Jared McIsaac 0 0 0 1 0 0 0 0 0 1 0/0 14:03 0:41 0:23
John Draeger 0 0 0 -1 2 0 1 2 0 0 0/0 26:09 3:39 4:36
Kale Clague 0 0 0 0 0 2 0 0 1 0 0/0 19:10 3:15 4:05
Kirill Marchenko 0 1 1 2 0 1 1 0 0 0 0/0 12:12 3:19 0:00
Matt Puempel 2 0 2 2 0 4 4 0 0 0 1/1 11:51 0:17 3:03
Michael Anderson 0 1 1 1 0 1 0 0 0 1 0/0 18:12 3:18 1:49
Mitchell Heard 0 0 0 2 0 0 2 0 1 1 7/14 14:06 0:15 4:39
Nick Abruzzese 0 0 0 -3 0 1 0 0 0 1 2/9 17:13 3:11 1:20
Patrick Brown 0 0 0 0 4 0 1 0 1 0 2/2 21:52 3:25 3:24
Roberts Lipsbergs 0 0 0 0 0 0 0 0 0 0 0/0 8:29 0:00 1:39
Shane Bowers 0 0 0 0 0 0 0 0 1 0 1/4 7:01 0:00 0:17
Timothy Liljegren 0 0 0 -2 0 0 2 1 1 5 0/0 28:20 2:58 5:59
Tyce Thompson 0 0 0 0 0 0 0 0 0 0 0/0 6:44 0:00 0:00
Viktor Baldayev 0 0 0 0 4 0 0 0 0 1 0/0 15:44 0:00 2:57
Players Stats for Wolfpack
Player Name G A P +/- PIM S H SB GA TA FO MP PP MP PK MP
------------------------------------------------------------------------------------
Alex Barre-Boulet 2 0 2 2 2 3 1 0 1 0 5/6 15:45 4:13 0:40
Alexander Barabanov 0 2 2 2 0 2 3 1 0 0 1/2 18:56 4:17 3:15
Alexander Volkov 0 0 0 0 0 3 1 1 1 0 1/1 8:12 0:00 0:00
Cale Fleury 0 0 0 2 0 2 1 1 0 1 0/0 17:04 0:00 1:55
Colton White 0 1 1 1 0 1 0 3 2 0 0/0 29:15 6:39 4:01
Derrick Pouliot 0 0 0 -1 0 1 1 2 1 1 0/0 27:51 5:34 3:27
Dryden Hunt 0 0 0 0 2 0 1 1 0 0 1/1 21:40 4:34 2:22
Jake Marchment 0 1 1 -1 0 0 2 0 0 0 7/10 14:46 0:34 2:15
Jakub Lauko 0 0 0 0 0 1 2 0 0 0 0/0 8:22 0:00 0:10
Joshua Jacobs 0 0 0 1 0 0 2 0 0 0 0/0 13:43 1:31 0:00
K'Andre Miller 0 0 0 -1 0 0 3 2 2 1 0/0 22:17 4:25 3:27
Linus Sandin 0 1 1 -1 0 1 1 1 1 0 0/0 11:09 0:34 0:00
Nolan Patrick 0 0 0 0 0 2 1 1 2 0 13/30 22:55 4:33 3:34
Owen Tippet 1 1 2 1 2 3 0 0 1 0 1/1 15:13 4:14 0:00
Ryan Culkin 0 0 0 -1 2 1 0 2 0 0 0/0 8:57 0:33 0:58
Sebastian Collberg 0 0 0 0 0 3 3 0 0 0 0/3 17:56 4:33 0:00
Shane Pinto 0 0 0 0 0 0 1 0 0 1 2/3 8:33 0:00 0:10
Yegor Korshkov 1 0 1 -1 0 4 2 0 0 1 0/0 12:29 0:30 1:22
3 Stars
1 - Matt Puempel (Cha)
2 - Alex Barre-Boulet (Har)
3 - Alexander Barabanov (Har)
Power Play
Checkers - 0 on 4 Attempt(s) - 0.00%
Wolfpack - 0 on 6 Attempt(s) - 0.00%
Penalty Kill
Checkers - 6 on 6 Attempt(s) - 100.00%
- Score 0 goal in Penalty Kill
Wolfpack - 4 on 4 Attempt(s) - 100.00%
- Score 0 goal in Penalty Kill
Team Stat
Checkers - Hits : 17 - Faceoff Wins : 26 - Blocked Shots : 5 - Penalty Minutes : 12
Wolfpack - Hits : 25 - Faceoff Wins : 31 - Blocked Shots : 15 - Penalty Minutes : 8
Official
Referees : Dan O'Rourke and Marc Joannette
Linesman : Vaughan Rody and Travis Gawryletz
Game Notes
Ryan Culkin is injured at 8:59 of 2nd period (Left Ankle)
Finance
Level 1 -- Attendance: 1857 (92.85%) -- Ticket Income $129,990
Level 2 -- Attendance: 874 (87.40%) -- Ticket Income $34,960
Total Attendance: 2731 (91.03%)
Total Ticket Income: $164,950
Other Income: $8,248
Total Income: $173,198
Checkers
5 vs 5 Forward
Center Left Wing Right Wing Time % Phy DF OF
1 Dylan Gambrell Andrei Svechnikov Patrick Brown 40 0 2 3
2 Nick Abruzzese Grigori Denisenko Austin Poganski 30 0 2 3
3 Mitchell Heard Matt Puempel Kirill Marchenko 20 0 2 3
4 Shane Bowers Roberts Lipsbergs Tyce Thompson 10 0 2 3
5 vs 5 Defense
Defense Defense Time % Phy DF OF
1 Timothy Liljegren John Draeger 40 0 2 3
2 Kale Clague Viktor Baldayev 30 0 2 3
3 Michael Anderson Jared McIsaac 20 0 2 3
4 Timothy Liljegren John Draeger 10 0 2 3
PowerPlay Forward
Center Left Wing Right Wing Time % Phy DF OF
1 Dylan Gambrell Andrei Svechnikov Patrick Brown 60 0 1 4
2 Nick Abruzzese Grigori Denisenko Kirill Marchenko 40 0 1 4
PowerPlay Defense
Defense Defense Time % Phy DF OF
1 Timothy Liljegren John Draeger 60 0 2 3
2 Kale Clague Michael Anderson 40 0 2 3
Penalty Kill 4 Players Forward
Center Wing Time % Phy DF OF
1 Mitchell Heard Patrick Brown 60 0 3 2
2 Dylan Gambrell Austin Poganski 40 0 3 2
Penalty Kill 4 Players Defense
Defense Defense Time % Phy DF OF
1 Timothy Liljegren John Draeger 60 0 4 1
2 Kale Clague Viktor Baldayev 40 0 4 1
Penalty Kill - 3 Players Forward
Forward Time % Phy DF OF
1 Patrick Brown 60 0 3 2
2 Mitchell Heard 40 0 3 2
Penalty Kill - 3 Players Defense
Defense Defense Time % Phy DF OF
1 Timothy Liljegren John Draeger 60 0 4 1
2 Kale Clague Viktor Baldayev 40 0 4 1
4 vs 4 Forward
Center Wing Time % Phy DF OF
1 Dylan Gambrell Andrei Svechnikov 60 0 2 3
2 Nick Abruzzese Patrick Brown 40 0 2 3
4 vs 4 Defense
Defense Defense Time % Phy DF OF
1 Timothy Liljegren John Draeger 60 0 2 3
2 Kale Clague Viktor Baldayev 40 0 2 3
Last Minutes Offensive
Center Left Wing Right Wing Defense Defense
Dylan Gambrell Andrei Svechnikov Patrick Brown Timothy Liljegren Kale Clague
Last Minutes Defensive
Center Left Wing Right Wing Defense Defense
Mitchell Heard Matt Puempel Patrick Brown John Draeger Viktor Baldayev
Goaltenders
Starting : Ivan Prosvetov
Backup : Joseph Woll
Extra Forwards
Normal : Nick Abruzzese, Andrei Svechnikov, Dylan Gambrell - PP : Kirill Marchenko, Andrei Svechnikov - PK : Patrick Brown
Extra Defensemen
Normal : Kale Clague, Timothy Liljegren, John Draeger - PP : Michael Anderson - PK : Viktor Baldayev, John Draeger
Penalty Shots
Andrei Svechnikov, Patrick Brown, Matt Puempel, Nick Abruzzese, Shane Bowers
Custom OT Lines Forwards
Dylan Gambrell, Andrei Svechnikov, Patrick Brown, Grigori Denisenko, Kirill Marchenko, Nick Abruzzese, Mitchell Heard, Matt Puempel, Roberts Lipsbergs, Shane Bowers
Custom OT Lines Defensemen
Timothy Liljegren, Kale Clague, John Draeger, Viktor Baldayev, Michael Anderson
Scratches
Brett Pollock (Healthy), Jordan Harris (Healthy), Mikhail Abramov (Healthy), Mattias Norlinder (Healthy), Nathan Legare (Healthy)
Kirill Ustimenko (Healthy)
Wolfpack
5 vs 5 Forward
Center Left Wing Right Wing Time % Phy DF OF
1 Nolan Patrick Dryden Hunt Sebastian Collberg 40 1 2 2
2 Alex Barre-Boulet Alexander Barabanov Owen Tippet 30 1 2 2
3 Jake Marchment Yegor Korshkov Linus Sandin 20 1 2 2
4 Shane Pinto Jakub Lauko Alexander Volkov 10 1 2 2
5 vs 5 Defense
Defense Defense Time % Phy DF OF
1 Derrick Pouliot Colton White 40 1 2 2
2 Ryan Culkin K'Andre Miller 30 1 2 2
3 Cale Fleury Joshua Jacobs 20 1 2 2
4 Derrick Pouliot Colton White 10 1 2 2
PowerPlay Forward
Center Left Wing Right Wing Time % Phy DF OF
1 Nolan Patrick Dryden Hunt Sebastian Collberg 60 1 2 2
2 Alex Barre-Boulet Alexander Barabanov Owen Tippet 40 1 2 2
PowerPlay Defense
Defense Defense Time % Phy DF OF
1 Derrick Pouliot Colton White 60 1 2 2
2 Ryan Culkin K'Andre Miller 40 1 2 2
Penalty Kill 4 Players Forward
Center Wing Time % Phy DF OF
1 Nolan Patrick Dryden Hunt 60 1 2 2
2 Alex Barre-Boulet Alexander Barabanov 40 1 2 2
Penalty Kill 4 Players Defense
Defense Defense Time % Phy DF OF
1 Derrick Pouliot Colton White 60 1 2 2
2 Ryan Culkin K'Andre Miller 40 1 2 2
Penalty Kill - 3 Players Forward
Forward Time % Phy DF OF
1 Nolan Patrick 60 1 2 2
2 Alex Barre-Boulet 40 1 2 2
Penalty Kill - 3 Players Defense
Defense Defense Time % Phy DF OF
1 Derrick Pouliot Colton White 60 1 2 2
2 Ryan Culkin K'Andre Miller 40 1 2 2
4 vs 4 Forward
Center Wing Time % Phy DF OF
1 Nolan Patrick Dryden Hunt 60 1 2 2
2 Alex Barre-Boulet Alexander Barabanov 40 1 2 2
4 vs 4 Defense
Defense Defense Time % Phy DF OF
1 Derrick Pouliot Colton White 60 1 2 2
2 Ryan Culkin K'Andre Miller 40 1 2 2
Last Minutes Offensive
Center Left Wing Right Wing Defense Defense
Nolan Patrick Dryden Hunt Sebastian Collberg Derrick Pouliot Colton White
Last Minutes Defensive
Center Left Wing Right Wing Defense Defense
Nolan Patrick Dryden Hunt Sebastian Collberg Derrick Pouliot Colton White
Goaltenders
Starting : Charlie Lindgren
Backup : Samuel Ersson
Extra Forwards
Normal : Alexander Barabanov, Alex Barre-Boulet, Jake Marchment - PP : Alexander Barabanov, Alex Barre-Boulet - PK : Alexander Barabanov
Extra Defensemen
Normal : K'Andre Miller, Cale Fleury, Joshua Jacobs - PP : K'Andre Miller - PK : K'Andre Miller, Cale Fleury
Penalty Shots
Sebastian Collberg, Nolan Patrick, Owen Tippet, Dryden Hunt, Alexander Barabanov
Custom OT Lines Forwards
Sebastian Collberg, Nolan Patrick, Owen Tippet, Dryden Hunt, Alexander Barabanov, Alex Barre-Boulet, Jake Marchment, Linus Sandin, Alexander Volkov, Yegor Korshkov
Custom OT Lines Defensemen
Derrick Pouliot, Colton White, Ryan Culkin, K'Andre Miller, Cale Fleury
Scratches
Ryan Poehling (Healthy), Mason Shaw (Healthy), Ben Jones (Healthy), Samuel Houde (Healthy), Dylan Samberg (Healthy)
Mikhail Vorobyev (Healthy), Andrew Peeke (Healthy), Dante Fabbro (Healthy), Jeffrey Viel (Healthy), Jack Drury (Healthy)
Martin Kaut (Healthy), Mathias Laferriere (Healthy), Maxwell Crozier (Healthy), Will Francis (Healthy), Andrei Altybarmakyan (Healthy)
Dustin Wolf (Healthy)
% Time on Ice - Checkers
Lines # - Real PCT - Wanted PCT - Time Play
Normal Forward
1 - 34% - 40% - 14:32
2 - 30% - 30% - 12:57
3 - 20% - 20% - 8:30
4 - 16% - 10% - 6:44
Normal Defense
1 - 40% - 40% - 17:16
2 - 33% - 30% - 14:00
3 - 25% - 20% - 10:49
4 - 1% - 10% - 0:38
PP Forward
1 - 52% - 60% - 3:35
2 - 48% - 40% - 3:19
PP Defense
1 - 53% - 60% - 3:39
2 - 47% - 40% - 3:15
PK Forward
1 - 81% - 60% - 6:47
2 - 19% - 40% - 1:37
PK Defense
1 - 49% - 60% - 4:05
2 - 51% - 40% - 4:19
PK3 Forward
1 - 87% - 60% - 1:19
2 - 13% - 40% - 0:12
PK3 Defense
1 - 85% - 60% - 1:17
2 - 15% - 40% - 0:14
44 Forward
1 - 18% - 60% - 0:05
2 - 82% - 40% - 0:23
44 Defense
1 - 100% - 60% - 0:28
2 - 0% - 40% - 0:00
Last Minute Offensive - 0:00
Last Minute Defensive - 0:00
Total
Forward - 60:00
Defense - 60:00
|
% Time on Ice - Wolfpack
Lines # - Real PCT - Wanted PCT - Time Play
Normal Forward
1 - 31% - 40% - 13:15
2 - 26% - 30% - 10:54
3 - 24% - 20% - 10:22
4 - 19% - 10% - 8:12
Normal Defense
1 - 38% - 40% - 16:09
2 - 40% - 30% - 16:56
3 - 22% - 20% - 9:19
4 - 1% - 10% - 0:19
PP Forward
1 - 51% - 60% - 4:47
2 - 49% - 40% - 4:34
PP Defense
1 - 48% - 60% - 4:27
2 - 52% - 40% - 4:54
PK Forward
1 - 82% - 60% - 5:40
2 - 18% - 40% - 1:14
PK Defense
1 - 43% - 60% - 2:59
2 - 57% - 40% - 3:55
PK3 Forward
1 - 0% - 60%
2 - 0% - 40%
PK3 Defense
1 - 0% - 60%
2 - 0% - 40%
44 Forward
1 - 69% - 60% - 0:43
2 - 31% - 40% - 0:19
44 Defense
1 - 34% - 60% - 0:21
2 - 66% - 40% - 0:41
Last Minute Offensive - 0:00
Last Minute Defensive - 0:00
Total
Forward - 60:00
Defense - 60:00
|
Play-by-Play
1st period
0:01 of 1st period - Dylan Gambrell wins face-off versus Sebastian Collberg in neutral zone.
0:04 of 1st period - Snap shot by Andrei Svechnikov.
0:04 of 1st period - Deflect By Patrick Brown.
0:04 of 1st period - Shot Misses the Net.
0:04 of 1st period - Puck is out of play.
0:05 of 1st period - Andrei Svechnikov wins face-off versus Nolan Patrick in Wolfpack zone.
0:06 of 1st period - Wrist shot by Dylan Gambrell.
0:06 of 1st period - Shot Blocked by Derrick Pouliot.
0:32 of 1st period - Snap shot by Owen Tippet.
0:32 of 1st period - Shot Misses the Net.
0:34 of 1st period - Wrist shot by Alexander Barabanov.
0:34 of 1st period - Stopped by Ivan Prosvetov without a rebound.
0:35 of 1st period - Mitchell Heard wins face-off versus Alex Barre-Boulet in Checkers zone.
0:50 of 1st period - Wrist shot by Mitchell Heard.
0:50 of 1st period - Shot Misses the Net.
1:00 of 1st period - Viktor Baldayev is hit by K'Andre Miller and loses puck.
1:08 of 1st period - Icing by Kale Clague.
1:09 of 1st period - Shane Pinto wins face-off versus Shane Bowers in Checkers zone.
1:16 of 1st period - Wrist shot by Alexander Volkov.
1:16 of 1st period - Stopped by Ivan Prosvetov with a rebound.
1:18 of 1st period - Wrist shot by Cale Fleury.
1:18 of 1st period - Stopped by Ivan Prosvetov with a rebound.
1:20 of 1st period - Snap shot by Jakub Lauko.
1:20 of 1st period - Stopped by Ivan Prosvetov with a rebound.
1:22 of 1st period - Slapshot by Joshua Jacobs.
1:22 of 1st period - Shot Misses the Net.
1:36 of 1st period - Joshua Jacobs is hit by Austin Poganski and loses puck.
2:03 of 1st period - Wrist shot by Andrei Svechnikov.
2:03 of 1st period - Shot Misses the Net.
2:05 of 1st period - Snap shot by Viktor Baldayev.
2:05 of 1st period - Deflect By Andrei Svechnikov.
2:05 of 1st period - Shot Misses the Net.
2:05 of 1st period - Puck is out of play.
2:06 of 1st period - Alex Barre-Boulet wins face-off versus Mitchell Heard in Wolfpack zone.
2:06 of 1st period - Alex Barre-Boulet is hit by Matt Puempel.
2:15 of 1st period - Snap shot by Matt Puempel.
2:15 of 1st period - Goal by Matt Puempel - Checkers : 1 - Wolfpack : 0.
2:16 of 1st period - Nolan Patrick wins face-off versus Dylan Gambrell in neutral zone.
2:42 of 1st period - Slapshot by Austin Poganski.
2:42 of 1st period - Stopped by Charlie Lindgren with a rebound.
2:50 of 1st period - Wrist shot by Nick Abruzzese.
2:50 of 1st period - Shot Misses the Net.
2:52 of 1st period - Slapshot by Jared McIsaac.
2:52 of 1st period - Deflect By Austin Poganski.
2:52 of 1st period - Stopped by Charlie Lindgren without a rebound.
2:53 of 1st period - Jake Marchment wins face-off versus Dylan Gambrell in Wolfpack zone.
3:20 of 1st period - Timothy Liljegren is hit by K'Andre Miller.
3:26 of 1st period - Slapshot by Matt Puempel.
3:26 of 1st period - Deflect By Ryan Culkin.
3:26 of 1st period - Shot Blocked by Ryan Culkin.
3:26 of 1st period - Puck is out of play.
3:27 of 1st period - Alex Barre-Boulet wins face-off versus Nick Abruzzese in Wolfpack zone.
3:34 of 1st period - Snap shot by Alex Barre-Boulet.
3:34 of 1st period - Goal by Alex Barre-Boulet - Checkers : 1 - Wolfpack : 1.
3:35 of 1st period - Nolan Patrick wins face-off versus Nick Abruzzese in neutral zone.
4:08 of 1st period - Slapshot by Shane Pinto.
4:08 of 1st period - Shot Blocked by Timothy Liljegren.
5:40 of 1st period - Snap shot by Linus Sandin.
5:40 of 1st period - Stopped by Ivan Prosvetov with a rebound.
6:36 of 1st period - Jared McIsaac is hit by Yegor Korshkov and loses puck.
6:52 of 1st period - K'Andre Miller is hit by Andrei Svechnikov and loses puck.
7:29 of 1st period - Slapshot by Dryden Hunt.
7:29 of 1st period - Shot Blocked by Dylan Gambrell.
7:31 of 1st period - Slapshot by Colton White.
7:31 of 1st period - Stopped by Ivan Prosvetov without a rebound.
7:32 of 1st period - Dylan Gambrell wins face-off versus Jake Marchment in Checkers zone.
8:36 of 1st period - Snap shot by Owen Tippet.
8:36 of 1st period - Shot Blocked by Andrei Svechnikov.
8:38 of 1st period - Slapshot by Alex Barre-Boulet.
8:38 of 1st period - Stopped by Ivan Prosvetov with a rebound.
8:48 of 1st period - Minor Penalty to Viktor Baldayev for Roughing.
8:49 of 1st period - Mitchell Heard wins face-off versus Nolan Patrick in Checkers zone.
9:04 of 1st period - Slapshot by Sebastian Collberg.
9:04 of 1st period - Shot Misses the Net.
10:48 of 1st period - Penalty to Viktor Baldayev is over, Viktor Baldayev is back on ice.
11:09 of 1st period - Snap shot by Grigori Denisenko.
11:09 of 1st period - Shot Misses the Net.
12:03 of 1st period - K'Andre Miller is hit by Matt Puempel.
12:07 of 1st period - Matt Puempel is hit by Alex Barre-Boulet and loses puck.
12:33 of 1st period - John Draeger is hit by Shane Pinto and loses puck.
12:45 of 1st period - Off-side.
12:46 of 1st period - Shane Bowers wins face-off versus Jake Marchment in neutral zone.
12:51 of 1st period - Wrist shot by Shane Bowers.
12:51 of 1st period - Shot Blocked by Ryan Culkin.
12:53 of 1st period - Wrist shot by Shane Bowers.
12:53 of 1st period - Shot Blocked by K'Andre Miller.
14:01 of 1st period - Wrist shot by Andrei Svechnikov.
14:01 of 1st period - Shot Blocked by Alexander Volkov.
14:21 of 1st period - Wrist shot by Yegor Korshkov.
14:21 of 1st period - Stopped by Ivan Prosvetov without a rebound.
14:22 of 1st period - Dylan Gambrell wins face-off versus Sebastian Collberg in Checkers zone.
15:07 of 1st period - Ryan Culkin is hit by Kirill Marchenko and loses puck.
15:20 of 1st period - Wrist shot by Mitchell Heard.
15:20 of 1st period - Shot Misses the Net.
15:29 of 1st period - Off-side.
15:30 of 1st period - Dylan Gambrell wins face-off versus Nolan Patrick in neutral zone.
15:40 of 1st period - Slapshot by Patrick Brown.
15:40 of 1st period - Shot Blocked by Colton White.
15:46 of 1st period - Wrist shot by Andrei Svechnikov.
15:46 of 1st period - Deflect By Dylan Gambrell.
15:46 of 1st period - Shot Blocked by Colton White.
15:46 of 1st period - Puck is out of play.
15:47 of 1st period - Owen Tippet wins face-off versus Nick Abruzzese in Wolfpack zone.
16:12 of 1st period - Patrick Brown is hit by Nolan Patrick.
16:40 of 1st period - Colton White is hit by Matt Puempel and loses puck.
17:05 of 1st period - Roberts Lipsbergs is hit by Alexander Volkov and loses puck.
17:18 of 1st period - Snap shot by Nick Abruzzese.
17:18 of 1st period - Stopped by Charlie Lindgren with a rebound.
17:20 of 1st period - Wrist shot by Grigori Denisenko.
17:20 of 1st period - Stopped by Charlie Lindgren without a rebound.
17:21 of 1st period - Nick Abruzzese wins face-off versus Nolan Patrick in Wolfpack zone.
17:22 of 1st period - Snap shot by Grigori Denisenko.
17:22 of 1st period - Stopped by Charlie Lindgren without a rebound.
17:23 of 1st period - Dylan Gambrell wins face-off versus Sebastian Collberg in Wolfpack zone.
17:37 of 1st period - Wrist shot by Sebastian Collberg.
17:37 of 1st period - Stopped by Ivan Prosvetov with a rebound.
17:39 of 1st period - Wrist shot by Sebastian Collberg.
17:39 of 1st period - Stopped by Ivan Prosvetov with a rebound.
17:49 of 1st period - Snap shot by Linus Sandin.
17:49 of 1st period - Shot Misses the Net.
17:51 of 1st period - Backhand shot by Ryan Culkin.
17:51 of 1st period - Deflect By Yegor Korshkov.
17:51 of 1st period - Stopped by Ivan Prosvetov with a rebound.
17:53 of 1st period - Slapshot by Ryan Culkin.
17:53 of 1st period - Stopped by Ivan Prosvetov without a rebound.
17:54 of 1st period - Jake Marchment wins face-off versus Nick Abruzzese in Checkers zone.
17:55 of 1st period - Slapshot by Linus Sandin.
17:55 of 1st period - Deflect By Yegor Korshkov.
17:55 of 1st period - Goal by Yegor Korshkov - Checkers : 1 - Wolfpack : 2.
17:56 of 1st period - Dylan Gambrell wins face-off versus Nolan Patrick in neutral zone.
18:52 of 1st period - K'Andre Miller is hit by Mitchell Heard and loses puck.
19:13 of 1st period - Snap shot by Andrei Svechnikov.
19:13 of 1st period - Stopped by Charlie Lindgren without a rebound.
19:14 of 1st period - Nolan Patrick wins face-off versus Dylan Gambrell in Wolfpack zone.
19:21 of 1st period - Wrist shot by Dryden Hunt.
19:21 of 1st period - Shot Misses the Net.
19:45 of 1st period - Snap shot by Nick Abruzzese.
19:45 of 1st period - Shot Misses the Net.
19:47 of 1st period - Snap shot by Austin Poganski.
19:47 of 1st period - Shot Blocked by Colton White.
19:49 of 1st period - Slapshot by Kale Clague.
19:49 of 1st period - Stopped by Charlie Lindgren without a rebound.
19:50 of 1st period - Dylan Gambrell wins face-off versus Nolan Patrick in Wolfpack zone.
Goals for this period are 1 for Checkers vs 2 for Wolfpack.
Shots for this period are 8 for Checkers vs 14 for Wolfpack.
2nd period
0:01 of 2nd period - Dryden Hunt wins face-off versus Dylan Gambrell in neutral zone.
0:35 of 2nd period - Minor Penalty to Ryan Culkin for Slashing.
0:36 of 2nd period - Dylan Gambrell wins face-off versus Nolan Patrick in Wolfpack zone.
0:36 of 2nd period - Wrist shot by Andrei Svechnikov.
0:36 of 2nd period - Shot Blocked by Dryden Hunt.
0:38 of 2nd period - Slapshot by Timothy Liljegren.
0:38 of 2nd period - Deflect By Patrick Brown.
0:38 of 2nd period - Shot Misses the Net.
0:38 of 2nd period - Puck is out of play.
0:39 of 2nd period - Dylan Gambrell wins face-off versus Nolan Patrick in Wolfpack zone.
2:35 of 2nd period - Penalty to Ryan Culkin is over, Ryan Culkin is back on ice.
2:44 of 2nd period - Wrist shot by Alexander Volkov.
2:44 of 2nd period - Shot Misses the Net.
2:46 of 2nd period - Wrist shot by Alexander Volkov.
2:46 of 2nd period - Stopped by Ivan Prosvetov without a rebound.
2:47 of 2nd period - Alexander Volkov wins face-off versus Shane Bowers in Checkers zone.
3:45 of 2nd period - Slapshot by Kale Clague.
3:45 of 2nd period - Shot Blocked by Nolan Patrick.
4:22 of 2nd period - Joshua Jacobs is hit by Mitchell Heard and loses puck.
4:29 of 2nd period - Minor Penalty to Owen Tippet for Hooking.
4:30 of 2nd period - Nolan Patrick wins face-off versus Dylan Gambrell in Wolfpack zone.
6:29 of 2nd period - Penalty to Owen Tippet is over, Owen Tippet is back on ice.
6:33 of 2nd period - Icing by Derrick Pouliot.
6:34 of 2nd period - Shane Pinto wins face-off versus Shane Bowers in Wolfpack zone.
7:01 of 2nd period - Snap shot by Andrei Svechnikov.
7:01 of 2nd period - Stopped by Charlie Lindgren without a rebound.
7:02 of 2nd period - Jake Marchment wins face-off versus Dylan Gambrell in Wolfpack zone.
7:59 of 2nd period - Snap shot by Dylan Gambrell.
7:59 of 2nd period - Stopped by Charlie Lindgren with a rebound.
8:01 of 2nd period - Snap shot by Dylan Gambrell.
8:01 of 2nd period - Goal by Dylan Gambrell - Checkers : 2 - Wolfpack : 2.
8:02 of 2nd period - Nolan Patrick wins face-off versus Nick Abruzzese in neutral zone.
8:57 of 2nd period - Snap shot by Sebastian Collberg.
8:57 of 2nd period - Stopped by Ivan Prosvetov without a rebound.
8:58 of 2nd period - Alex Barre-Boulet wins face-off versus Dylan Gambrell in Checkers zone.
8:58 of 2nd period - Ryan Culkin is hit by Timothy Liljegren and loses puck.
8:59 of 2nd period - Ryan Culkin from Wolfpack is injured at 8:59 of 2nd period (Left Ankle).
9:00 of 2nd period - Dylan Gambrell wins face-off versus Nolan Patrick in Checkers zone.
10:17 of 2nd period - Minor Penalty to Dryden Hunt for Cross-checking.
10:18 of 2nd period - Nolan Patrick wins face-off versus Dylan Gambrell in Wolfpack zone.
10:22 of 2nd period - Snap shot by Nolan Patrick.
10:22 of 2nd period - Shot Misses the Net.
10:24 of 2nd period - Snap shot by Nolan Patrick.
10:24 of 2nd period - Shot Misses the Net.
11:04 of 2nd period - John Draeger is hit by Cale Fleury and loses puck.
11:42 of 2nd period - Jake Marchment is hit by Andrei Svechnikov and loses puck.
12:17 of 2nd period - Penalty to Dryden Hunt is over, Dryden Hunt is back on ice.
12:29 of 2nd period - Roberts Lipsbergs is hit by Joshua Jacobs and loses puck.
13:12 of 2nd period - Patrick Brown is hit by Jake Marchment and loses puck.
13:23 of 2nd period - Nick Abruzzese is hit by Jakub Lauko and loses puck.
13:52 of 2nd period - Icing by Matt Puempel.
13:53 of 2nd period - Jake Marchment wins face-off versus Mitchell Heard in Checkers zone.
13:58 of 2nd period - Yegor Korshkov is hit by Patrick Brown and loses puck.
14:05 of 2nd period - Snap shot by Andrei Svechnikov.
14:05 of 2nd period - Deflect By Patrick Brown.
14:05 of 2nd period - Shot Hit the Post.
14:05 of 2nd period - Puck is out of play.
14:06 of 2nd period - Alex Barre-Boulet wins face-off versus Nick Abruzzese in Wolfpack zone.
14:10 of 2nd period - Off-side.
14:11 of 2nd period - Alexander Barabanov wins face-off versus Nick Abruzzese in neutral zone.
14:18 of 2nd period - Snap shot by Alexander Barabanov.
14:18 of 2nd period - Stopped by Ivan Prosvetov with a rebound.
14:20 of 2nd period - Backhand shot by Owen Tippet.
14:20 of 2nd period - Stopped by Ivan Prosvetov with a rebound.
14:22 of 2nd period - Snap shot by Owen Tippet.
14:22 of 2nd period - Stopped by Ivan Prosvetov with a rebound.
14:24 of 2nd period - Snap shot by Alexander Barabanov.
14:24 of 2nd period - Shot Blocked by John Draeger.
14:26 of 2nd period - Wrist shot by Owen Tippet.
14:26 of 2nd period - Goal by Owen Tippet - Checkers : 2 - Wolfpack : 3.
14:27 of 2nd period - Nolan Patrick wins face-off versus Dylan Gambrell in neutral zone.
14:36 of 2nd period - Sebastian Collberg is hit by John Draeger and loses puck.
14:58 of 2nd period - Alex Barre-Boulet is hit by Grigori Denisenko and loses puck.
15:15 of 2nd period - Slapshot by Michael Anderson.
15:15 of 2nd period - Stopped by Charlie Lindgren without a rebound.
15:16 of 2nd period - Jake Marchment wins face-off versus Mitchell Heard in Wolfpack zone.
15:16 of 2nd period - Jake Marchment is hit by Matt Puempel.
15:21 of 2nd period - Off-side.
15:22 of 2nd period - Nolan Patrick wins face-off versus Dylan Gambrell in neutral zone.
15:29 of 2nd period - Snap shot by Nolan Patrick.
15:29 of 2nd period - Stopped by Ivan Prosvetov without a rebound.
15:30 of 2nd period - Nolan Patrick wins face-off versus Dylan Gambrell in Checkers zone.
16:09 of 2nd period - Snap shot by Sebastian Collberg.
16:09 of 2nd period - Shot Misses the Net.
16:11 of 2nd period - Snap shot by Nolan Patrick.
16:11 of 2nd period - Stopped by Ivan Prosvetov with a rebound.
16:13 of 2nd period - Slapshot by Cale Fleury.
16:13 of 2nd period - Stopped by Ivan Prosvetov with a rebound.
16:24 of 2nd period - Minor Penalty to Patrick Brown for Slashing.
16:25 of 2nd period - Mitchell Heard wins face-off versus Alexander Barabanov in Checkers zone.
16:25 of 2nd period - Mitchell Heard is hit by Alexander Barabanov.
16:40 of 2nd period - Slapshot by Alexander Barabanov.
16:40 of 2nd period - Shot Misses the Net.
17:16 of 2nd period - Roberts Lipsbergs is hit by Alexander Barabanov.
18:24 of 2nd period - Penalty to Patrick Brown is over, Patrick Brown is back on ice.
19:14 of 2nd period - Viktor Baldayev is hit by Jake Marchment.
19:49 of 2nd period - John Draeger is hit by Sebastian Collberg and loses puck.
Goals for this period are 1 for Checkers vs 1 for Wolfpack.
Shots for this period are 4 for Checkers vs 9 for Wolfpack.
3rd period
0:01 of 3rd period - Nolan Patrick wins face-off versus Dylan Gambrell in neutral zone.
0:33 of 3rd period - Grigori Denisenko is hit by Alexander Barabanov and loses puck.
0:39 of 3rd period - Off-side.
0:40 of 3rd period - Mitchell Heard wins face-off versus Jake Marchment in neutral zone.
0:45 of 3rd period - Snap shot by Matt Puempel.
0:45 of 3rd period - Stopped by Charlie Lindgren with a rebound.
0:49 of 3rd period - Wrist shot by Mitchell Heard.
0:49 of 3rd period - Shot Blocked by Linus Sandin.
0:53 of 3rd period - Wrist shot by Matt Puempel.
0:53 of 3rd period - Stopped by Charlie Lindgren with a rebound.
1:05 of 3rd period - Dylan Gambrell is hit by Dryden Hunt and loses puck.
1:22 of 3rd period - Minor Penalty to Patrick Brown for Tripping.
1:23 of 3rd period - Matt Puempel wins face-off versus Nolan Patrick in Checkers zone.
2:39 of 3rd period - Roberts Lipsbergs is hit by Joshua Jacobs and loses puck.
3:22 of 3rd period - Penalty to Patrick Brown is over, Patrick Brown is back on ice.
5:30 of 3rd period - Jake Marchment is hit by Andrei Svechnikov and loses puck.
6:39 of 3rd period - Alexander Barabanov is hit by Timothy Liljegren and loses puck.
7:21 of 3rd period - Patrick Brown is hit by Yegor Korshkov and loses puck.
7:44 of 3rd period - Minor Penalty to Viktor Baldayev for High sticking.
7:45 of 3rd period - Mitchell Heard wins face-off versus Nolan Patrick in Checkers zone.
7:45 of 3rd period - Mitchell Heard is hit by Sebastian Collberg.
8:12 of 3rd period - Minor Penalty to John Draeger for Cross-checking.
8:13 of 3rd period - Patrick Brown wins face-off versus Nolan Patrick in Checkers zone.
9:09 of 3rd period - Minor Penalty to Alex Barre-Boulet for High sticking.
9:10 of 3rd period - Patrick Brown wins face-off versus Nolan Patrick in Wolfpack zone.
9:44 of 3rd period - Penalty to Viktor Baldayev is over, Viktor Baldayev is back on ice.
9:53 of 3rd period - Slapshot by Viktor Baldayev.
9:53 of 3rd period - Shot Blocked by Alexander Barabanov.
9:59 of 3rd period - Mitchell Heard is hit by Derrick Pouliot and loses puck.
10:12 of 3rd period - Penalty to John Draeger is over, John Draeger is back on ice.
10:17 of 3rd period - Off-side.
10:18 of 3rd period - Nick Abruzzese wins face-off versus Nolan Patrick in neutral zone.
11:09 of 3rd period - Penalty to Alex Barre-Boulet is over, Alex Barre-Boulet is back on ice.
11:14 of 3rd period - Slapshot by Derrick Pouliot.
11:14 of 3rd period - Stopped by Ivan Prosvetov without a rebound.
11:15 of 3rd period - Dylan Gambrell wins face-off versus Shane Pinto in Checkers zone.
11:20 of 3rd period - Snap shot by Jakub Lauko.
11:20 of 3rd period - Shot Misses the Net.
12:05 of 3rd period - Snap shot by Austin Poganski.
12:05 of 3rd period - Shot Blocked by K'Andre Miller.
12:07 of 3rd period - Slapshot by Austin Poganski.
12:07 of 3rd period - Deflect By Nick Abruzzese.
12:07 of 3rd period - Shot Misses the Net.
12:07 of 3rd period - Puck is out of play.
12:08 of 3rd period - Nolan Patrick wins face-off versus Austin Poganski in Wolfpack zone.
12:36 of 3rd period - Slapshot by Timothy Liljegren.
12:36 of 3rd period - Shot Blocked by Cale Fleury.
12:38 of 3rd period - Backhand shot by Patrick Brown.
12:38 of 3rd period - Deflect By Andrei Svechnikov.
12:38 of 3rd period - Shot Misses the Net.
12:38 of 3rd period - Puck is out of play.
12:39 of 3rd period - Alex Barre-Boulet wins face-off versus Dylan Gambrell in Wolfpack zone.
12:50 of 3rd period - Snap shot by Dylan Gambrell.
12:50 of 3rd period - Stopped by Charlie Lindgren with a rebound.
12:54 of 3rd period - Snap shot by Patrick Brown.
12:54 of 3rd period - Shot Misses the Net.
13:04 of 3rd period - Austin Poganski is hit by Sebastian Collberg and loses puck.
13:09 of 3rd period - Snap shot by Sebastian Collberg.
13:09 of 3rd period - Shot Misses the Net.
13:55 of 3rd period - Snap shot by Alexander Volkov.
13:55 of 3rd period - Stopped by Ivan Prosvetov with a rebound.
14:05 of 3rd period - Minor Penalty to Dylan Gambrell for Tripping.
14:06 of 3rd period - Mitchell Heard wins face-off versus Nolan Patrick in Checkers zone.
15:30 of 3rd period - Austin Poganski is hit by K'Andre Miller.
16:05 of 3rd period - Penalty to Dylan Gambrell is over, Dylan Gambrell is back on ice.
16:10 of 3rd period - Derrick Pouliot is hit by Andrei Svechnikov and loses puck.
16:35 of 3rd period - Andrei Svechnikov is hit by Jakub Lauko and loses puck.
16:52 of 3rd period - Shane Bowers is hit by Linus Sandin.
16:58 of 3rd period - Snap shot by Roberts Lipsbergs.
16:58 of 3rd period - Shot Blocked by Derrick Pouliot.
18:23 of 3rd period - Slapshot by Kale Clague.
18:23 of 3rd period - Stopped by Charlie Lindgren without a rebound.
18:24 of 3rd period - Nolan Patrick wins face-off versus Mitchell Heard in Wolfpack zone.
18:31 of 3rd period - Wrist shot by Matt Puempel.
18:31 of 3rd period - Goal by Matt Puempel - Checkers : 3 - Wolfpack : 3.
18:32 of 3rd period - Jake Marchment wins face-off versus Mitchell Heard in neutral zone.
18:35 of 3rd period - Slapshot by Colton White.
18:35 of 3rd period - Shot Misses the Net.
18:37 of 3rd period - Slapshot by Derrick Pouliot.
18:37 of 3rd period - Shot Misses the Net.
18:39 of 3rd period - Snap shot by Colton White.
18:39 of 3rd period - Shot Blocked by John Draeger.
18:41 of 3rd period - Wrist shot by Linus Sandin.
18:41 of 3rd period - Shot Misses the Net.
18:46 of 3rd period - Icing by John Draeger.
18:47 of 3rd period - Mitchell Heard wins face-off versus Nolan Patrick in Checkers zone.
18:53 of 3rd period - Snap shot by Kirill Marchenko.
18:53 of 3rd period - Stopped by Charlie Lindgren without a rebound.
18:54 of 3rd period - Nolan Patrick wins face-off versus Mitchell Heard in Wolfpack zone.
18:59 of 3rd period - Wrist shot by Sebastian Collberg.
18:59 of 3rd period - Deflect By Matt Puempel.
18:59 of 3rd period - Shot Misses the Net.
18:59 of 3rd period - Puck is out of play.
19:00 of 3rd period - Jake Marchment wins face-off versus Mitchell Heard in Checkers zone.
19:09 of 3rd period - Slapshot by Yegor Korshkov.
19:09 of 3rd period - Shot Misses the Net.
19:15 of 3rd period - Wrist shot by Yegor Korshkov.
19:15 of 3rd period - Stopped by Ivan Prosvetov with a rebound.
Goals for this period are 1 for Checkers vs 0 for Wolfpack.
Shots for this period are 6 for Checkers vs 3 for Wolfpack.
Overtime #1
0:01 of 1st overtime period - Dylan Gambrell wins face-off versus Nolan Patrick in neutral zone.
1:01 of 1st overtime period - Snap shot by Alex Barre-Boulet.
1:01 of 1st overtime period - Goal by Alex Barre-Boulet - Checkers : 3 - Wolfpack : 4.
Goals for this period are 0 for Checkers vs 1 for Wolfpack.
Shots for this period are 0 for Checkers vs 1 for Wolfpack.